Map: Sludge City

Players

Dave

  • Race: Zerg Zerg
  • Spawn Location: 5:00

Sclop

  • Race: Terran Terran
  • Spawn Location: 5:00

Verlar - Winner!

  • Race: Terran Terran
  • League: Diamond
  • Spawn Location: 9:00

Strikhue - Winner!

  • Race: Terran Terran
  • Spawn Location: 11:00

VOD

Have the link to the VOD?

Description

Time

  • Played on: Oct. 15, 2016, 7:32 a.m.
  • Length: 5:34
Show
View Real Time Build Order
Export as new Build Order

Dave Zerg 

Build Orders: Pool First 

Get SALT Encoding   

  12  0:08  Overlord  
  12  0:15  Drone  
  12  0:17  Drone  
  14  0:26  Drone  
  15  0:30  Drone  
  16  0:44  Spawning Pool  
  16  0:46  Drone  
  16  1:11  Hatchery  
  15  1:15  Drone x2  
  17  1:18  Extractor  
  17  1:21  Drone  
  17  1:31  Queen  
  19  1:34  Zergling x2  
  19  1:38  Drone  
  21  1:47  Overlord  
  21  2:00  Drone  
  22  2:11  Queen  
  24  2:17  Drone  
  24  2:19  Metabolic Boost  
  25  2:27  Queen  
  27  2:33  Drone  
  27  2:34  Drone  
  29  2:41  Drone x2  
  29  2:42  Drone  
  32  2:48  Overlord  
  32  2:54  Zergling x2  
  32  2:58  Drone, Roach Warren  
  34  3:03  Extractor  
  32  3:07  Lair  
  32  3:15  Zergling x2  
  32  3:16  Zergling x2  
  32  3:17  Drone  
  35  3:22  Drone  
  35  3:23  Overlord  
  35  3:24  Drone, Zergling x2  
  38  3:28  Drone  
  39  3:39  Zergling x2  
  39  3:40  Roach x2  
  44  3:41  Overlord  
  44  3:48  Spine Crawler  
  44  3:50  Drone x3  
  44  3:51  Drone  
  47  3:56  Extractor  
  47  4:01  Roach x2  
  47  4:02  Roach  
  52  4:09  Drone x2  
  54  4:24  Hatchery  
  54  4:31  Drone x3, Baneling Nest  
  55  4:42  Ravager x2  
  53  4:50  Roach x3, Zergling x2  
  53  4:51  Zergling x4  
  58  4:57  Roach  
  58  4:58  Roach  
  52  5:01  Roach, Zergling x2  
  52  5:06  Roach x2, Zergling x2  
Show
View Real Time Build Order
Export as new Build Order

Sclop Terran 

Build Orders:  

Get SALT Encoding   

  12  0:00  SCV  
  13  0:13  SCV  
  14  0:25  SCV  
  14  0:27  Supply Depot  
  15  0:48  SCV  
  16  0:50  Barracks  
  16  1:01  SCV  
  17  1:12  Command Center  
  17  1:17  SCV  
  18  1:29  SCV  
  19  1:33  Refinery  
  19  1:37  Supply Depot, Marine  
  20  1:41  SCV  
  21  1:54  Orbital Command  
  21  1:55  Marine  
  22  2:05  Barracks  
  22  2:13  Marine  
  23  2:21  SCV  
  24  2:27  Orbital Command  
  24  2:32  Marine  
  24  2:35  SCV  
  26  2:43  Factory  
  26  2:50  Marine  
  26  2:51  SCV  
  28  2:53  SCV  
  28  2:56  Marine  
  30  3:04  SCV  
  30  3:05  Refinery  
  31  3:11  Barracks x2, Marine  
  32  3:13  SCV  
  32  3:15  Marine  
  32  3:18  SCV  
  35  3:26  SCV  
  36  3:29  Factory Tech Lab  
  36  3:30  Starport  
  36  3:31  SCV  
  37  3:38  Barracks Tech Lab, SCV, Marine  
  39  3:43  SCV  
  40  3:50  Widow Mine, SCV  
  43  3:55  Marine  
  43  3:57  Refinery  
  43  3:59  SCV  
  43  4:00  Marine  
  46  4:09  Supply Depot  
  46  4:10  Command Center  
  46  4:12  Supply Depot  
  46  4:13  Starport Reactor  
  46  4:29  Engineering Bay  
  46  4:30  Widow Mine, SCV, Marine x2  
  51  4:31  Refinery  
  51  4:34  Engineering Bay  
  51  4:35  SCV, Marine x2  
  51  4:37  Supply Depot  
  54  4:50  Medivac  
  54  4:52  Supply Depot, SCV  
  57  4:59  Siege Tank  
Show
View Real Time Build Order
Export as new Build Order

Verlar Terran - Winner!

Build Orders:  

Get SALT Encoding   

  12  0:22  SCV  
  13  0:28  Supply Depot  
  13  0:34  SCV  
  14  0:37  Refinery  
  14  0:46  SCV  
  15  0:52  Barracks  
  15  0:58  SCV  
  16  1:10  SCV  
  17  1:22  SCV  
  18  1:29  Command Center  
  18  1:34  SCV  
  18  1:39  Marine  
  20  1:46  Orbital Command  
  20  1:53  Barracks  
  20  1:58  Barracks Reactor  
  20  2:01  Supply Depot  
  20  2:12  SCV  
  20  2:15  Factory  
  21  2:19  Refinery  
  21  2:24  SCV  
  22  2:35  Marine x2  
  22  2:36  SCV  
  25  2:40  Barracks Tech Lab  
  25  2:43  Orbital Command  
  25  2:48  SCV  
  26  2:53  Marine x2  
  28  3:00  Starport  
  28  3:02  Stimpack  
  28  3:03  Marine  
  28  3:05  SCV  
  30  3:09  SCV  
  30  3:11  Factory Reactor  
  31  3:13  Marine  
  31  3:14  Marine  
  31  3:17  SCV  
  34  3:21  Marine  
  34  3:25  SCV  
  36  3:29  SCV  
  36  3:31  Marine  
  36  3:32  Supply Depot, Marine  
  39  3:37  SCV  
  40  3:41  SCV  
  40  3:42  Marine  
  42  3:49  SCV, Marine  
  42  3:50  Marine  
  42  3:54  Medivac x2, SCV  
  50  3:57  Supply Depot  
  50  4:00  Supply Depot, Marine  
  51  4:06  Marine  
  51  4:07  SCV  
  51  4:09  Refinery  
  53  4:13  Marine  
  54  4:18  Marine  
  54  4:19  SCV  
  54  4:20  Supply Depot  
  54  4:24  Medivac  
  56  4:25  Reaper  
  56  4:26  Engineering Bay  
  56  4:28  Engineering Bay  
  56  4:30  SCV  
  56  4:31  SCV  
  61  4:32  Widow Mine  
  61  4:33  Marine  
  64  4:42  SCV  
  64  4:43  SCV  
  66  4:47  Marine  
  66  4:51  Marine  
  68  4:54  SCV  
  68  4:55  SCV  
  70  5:09  Marine x3  
  70  5:10  SCV  
  74  5:17  Refinery  
Show
View Real Time Build Order
Export as new Build Order

Strikhue Terran - Winner!

Build Orders:  

Get SALT Encoding   

  12  0:00  SCV  
  13  0:12  SCV  
  14  0:18  Supply Depot  
  14  0:24  SCV  
  15  0:40  SCV  
  16  0:43  Barracks  
  16  0:52  SCV  
  16  0:56  Refinery  
  17  0:57  Refinery  
  17  1:04  SCV  
  17  1:06  Supply Depot  
  18  1:20  SCV  
  19  1:30  Barracks Reactor  
  19  1:33  Orbital Command  
  19  1:48  Factory  
  19  1:59  SCV  
  20  2:02  Supply Depot  
  20  2:05  Marine x2  
  22  2:11  SCV  
  23  2:23  SCV, Marine x2  
  26  2:32  Factory Tech Lab  
  26  2:34  Starport  
  26  2:36  SCV  
  27  2:46  Marine  
  28  2:51  Siege Tank  
  28  2:52  Marine  
  32  2:58  Supply Depot  
  32  3:04  Marine  
  33  3:09  Marine  
  33  3:11  Medivac  
  36  3:23  Siege Tank  
  39  3:27  Supply Depot  
  39  3:30  Marine x2  
  41  3:41  Medivac  
  43  3:48  Marine  
  43  3:49  Marine  
  45  4:05  Siege Tank  
  48  4:17  Starport Reactor  
  48  4:23  Marine x2  
  46  4:54  Marine x2  
  48  5:12  Marine x2  
Tags
 
Add a new tag
Caveats
  • Supply blocks, unpowered buildings, or Contaminate may cause inaccurate times.
  • Supply counts are checked every 10 seconds.